Map: Oxide LE

Players

A.I. 2 (Medium)

  • Race: Zerg Zerg
  • Spawn Location: 1:00

ViBE - Winner!

  • Race: Terran Terran
  • League: Master
  • Spawn Location: 7:00

VOD

Have the link to the VOD?

Description

Time

  • Played on: April 5, 2021, 5:18 p.m.
  • Length: 17:39
Show
View Real Time Build Order
Export as new Build Order

A.I. 2 (Medium) Zerg 

Build Orders: 1 Base Baneling Bust, Pool First 

Get SALT Encoding   

  12  0:00  Drone  
  13  0:12  Overlord  
  13  0:16  Drone  
  14  0:31  Drone  
  14  0:33  Drone  
  16  0:43  Spawning Pool  
  16  0:45  Drone  
  16  0:49  Drone  
  17  0:53  Extractor  
  17  0:56  Drone  
  17  1:06  Overlord  
  17  1:30  Queen  
  17  1:31  Zergling x2  
  20  1:35  Roach Warren  
  20  1:37  Zergling x2  
  20  1:38  Drone  
  21  1:42  Extractor  
  20  1:49  Drone  
  20  1:53  Baneling Nest  
  20  2:00  Drone  
  21  2:11  Drone  
  22  2:21  Zergling x2  
  23  2:32  Zergling x2  
  24  2:37  Overlord  
  24  2:38  Zergling x2  
  24  2:44  Zergling x2  
  26  2:49  Zergling x2  
  27  2:55  Zergling x2  
  28  3:01  Baneling x4  
  28  3:05  Zergling x2  
  28  3:11  Overlord, Zergling x2  
  30  3:17  Zergling x2  
  31  3:23  Zergling x2, Baneling x2  
  32  3:31  Zergling x2  
  32  3:33  Evolution Chamber  
  32  3:41  Drone  
  33  3:43  Drone  
  33  3:46  Drone  
  35  3:49  Drone  
  35  3:54  Drone  
  37  4:05  Drone  
  37  4:12  Drone, Zergling x2  
  39  6:18  Lair, Overlord  
  39  6:20  Spore Crawler  
  39  6:21  Drone  
  39  6:22  Spore Crawler  
  39  6:24  Drone, Evolution Chamber  
  38  6:26  Drone  
  38  6:27  Hatchery  
  38  6:29  Drone  
  39  6:37  Drone, Overlord  
  40  6:46  Drone, Spine Crawler  
  40  6:48  Spine Crawler  
  40  6:52  Drone  
  30  6:54  Zergling x2  
  28  7:03  Zergling x2  
  29  7:13  Baneling, Zergling x2  
  30  7:15  Queen  
  30  7:16  Overseer x2  
  30  7:18  Hydralisk Den  
  30  7:19  Drone  
  30  7:21  Spire  
  30  7:22  Drone, Zergling x2  
  33  7:23  Infestation Pit  
  33  7:24  Drone  
  33  7:31  Baneling  
  31  7:39  Drone  
  31  7:41  Zergling x2  
  31  7:42  Drone  
  31  7:44  Spore Crawler  
  33  7:49  Drone  
  33  7:50  Zergling x2  
  35  7:52  Drone  
  35  7:55  Drone  
  27  7:59  Baneling  
  27  8:03  Drone  
  18  8:06  Drone  
  18  8:09  Drone, Zergling x2  
  17  8:18  Zergling x2  
  8  8:34  Mutalisk  
  9  8:43  Mutalisk  
  9  8:45  Drone  
  12  8:53  Mutalisk  
  14  9:02  Mutalisk  
  14  9:12  Zergling x2  
  8  9:41  Drone  
  9  9:48  Drone  
  10  9:58  Drone  
  11  10:04  Drone  
  11  10:05  Zergling x2  
  12  10:07  Drone  
  12  10:13  Mutalisk  
  15  10:42  Hatchery  
  14  10:44  Drone  
  15  10:53  Drone  
  16  11:02  Drone  
  17  11:12  Drone  
  18  11:21  Drone  
  16  11:28  Drone  
  17  12:10  Drone  
  17  12:11  Hydralisk  
  17  12:13  Drone  
  18  12:16  Drone  
  19  12:37  Drone  
  19  12:40  Drone  
  15  12:58  Drone  
  15  13:01  Spawning Pool  
  15  13:23  Drone, Roach  
  18  13:29  Roach  
  20  13:39  Drone  
  20  13:40  Drone  
  6  13:42  Drone  
Show
View Real Time Build Order
Export as new Build Order

ViBE Terran - Winner!

Build Orders:  

Get SALT Encoding   

  12  0:00  SCV  
  13  0:13  SCV  
  14  0:17  Supply Depot  
  14  0:26  SCV  
  15  0:38  SCV  
  15  0:41  Barracks  
  16  0:45  Refinery  
  16  0:51  SCV  
  17  1:03  SCV  
  18  1:15  SCV  
  19  1:27  Orbital Command  
  19  1:28  Marine  
  20  1:39  Command Center  
  20  1:48  Marine  
  20  1:53  SCV  
  22  1:54  Supply Depot  
  22  2:05  SCV  
  23  2:12  Marine  
  23  2:17  SCV  
  23  2:18  Factory  
  23  2:21  Bunker  
  24  2:30  Marine  
  24  2:31  SCV  
  26  2:45  SCV  
  27  2:53  Orbital Command  
  27  2:55  Barracks Reactor  
  27  2:57  SCV  
  28  3:02  Refinery  
  28  3:03  Barracks  
  28  3:04  Factory Tech Lab  
  28  3:09  SCV  
  29  3:18  SCV  
  30  3:21  SCV  
  30  3:26  Siege Tank  
  34  3:30  SCV  
  34  3:33  Marine x2  
  34  3:34  SCV  
  38  3:41  Supply Depot  
  38  3:43  SCV  
  38  3:44  Supply Depot  
  38  3:46  SCV  
  40  3:53  Starport  
  40  3:55  SCV  
  41  3:57  Barracks Tech Lab, Marine x2  
  41  3:58  SCV  
  44  4:07  SCV  
  44  4:09  Supply Depot  
  45  4:10  Siege Tank, SCV  
  45  4:16  Marine x3  
  52  4:19  SCV  
  52  4:21  Stimpack  
  52  4:22  SCV  
  54  4:31  SCV  
  55  4:33  Starport Reactor  
  55  4:34  SCV  
  55  4:37  Supply Depot  
  56  4:39  Marine x2  
  56  4:40  Marine  
  56  4:43  SCV  
  60  4:46  SCV  
  60  4:47  Command Center  
  61  4:55  SCV  
  61  4:57  Marine x3  
  61  4:58  SCV  
  61  4:59  Siege Tank  
  69  5:00  Supply Depot  
  69  5:03  Refinery  
  69  5:06  Refinery  
  69  5:07  SCV  
  69  5:10  SCV  
  69  5:12  Medivac  
  73  5:15  Marine x3  
  73  5:19  Engineering Bay  
  73  5:20  Engineering Bay  
  76  5:26  Supply Depot  
  76  5:29  SCV x2  
  76  5:31  Supply Depot  
  78  5:39  Marine  
  78  5:40  Marine x2  
  78  5:41  Medivac, SCV x2  
  85  5:48  Medivac  
  87  5:53  SCV  
  87  5:54  SCV  
  89  5:58  Terran Infantry Weapons Level 1  
  89  6:00  Terran Infantry Armor Level 1  
  90  6:04  Orbital Command  
  90  6:05  SCV  
  90  6:06  SCV  
  91  6:12  Marine x3  
  91  6:18  SCV x2, Barracks  
  96  6:20  Barracks  
  96  6:22  Barracks  
  96  6:23  Barracks  
  96  6:27  Combat Shield  
  96  6:30  Marine x3  
  96  6:31  Orbital Command  
  99  6:33  SCV  
  100  6:40  SCV  
  101  7:07  Supply Depot  
  101  7:08  Supply Depot x2  
  101  7:12  Barracks Reactor  
  101  7:13  Barracks Reactor x3, Armory  
  101  7:18  Supply Depot  
  101  7:19  Supply Depot  
  101  7:24  Command Center  
  101  7:29  SCV x3, Marine  
  105  7:36  Marine x2  
  106  7:38  Medivac  
  106  7:39  Medivac  
  106  7:41  SCV x3  
  106  7:47  Supply Depot, Marine  
  106  7:48  Supply Depot  
  105  7:54  SCV x3, Marine x2  
  105  7:56  Marine x8  
  118  8:05  Marine  
  118  8:06  SCV x3  
  118  8:08  Terran Infantry Weapons Level 2, Terran Infantry Armor Level 2  
  118  8:09  Terran Vehicle Weapons Level 1  
  118  8:12  Thor, Marine x2  
  123  8:13  Marine  
  123  8:14  Marine x4  
  123  8:16  Refinery  
  123  8:18  SCV x3, Refinery  
  137  8:23  Supply Depot  
  137  8:24  Supply Depot  
  137  8:30  SCV x3  
  137  8:32  Marine  
  137  8:33  Marine x8  
  137  8:34  Marine  
  148  8:35  Marine  
  150  8:42  SCV x3  
  153  8:49  Supply Depot  
  153  8:51  Supply Depot  
  153  8:53  Supply Depot  
  153  8:54  SCV x3  
  156  9:06  Planetary Fortress, SCV x3  
  159  9:16  Marine x11  
  170  9:17  Thor  
  170  9:19  Medivac x2  
  180  9:34  Marine x4  
  180  9:35  Barracks x4  
  184  9:41  Command Center  
  184  9:46  SCV  
  184  9:47  Marine x7  
  184  9:51  Marine  
  184  9:52  Marine x2  
  195  10:00  Starport  
  195  10:02  Factory  
  195  10:05  Barracks x2  
  195  10:07  Barracks, Marine x3  
  195  10:08  Barracks, Marine x2  
  195  10:10  Barracks  
  195  10:11  Concussive Shells, Barracks  
  195  10:13  Barracks  
  200  10:30  Barracks Tech Lab x4  
  200  10:38  Starport Reactor  
  200  10:43  Terran Vehicle Weapons Level 2, Terran Infantry Weapons Level 3, Terran Infantry Armor Level 3  
  200  10:46  Factory Tech Lab  
  200  11:52  Barracks Reactor x3  
  200  11:53  Barracks Reactor x4  
  200  12:02  Planetary Fortress  
  200  12:12  Command Center  
  200  13:18  Thor  
Tags
 
Add a new tag
Caveats
  • Supply blocks, unpowered buildings, or Contaminate may cause inaccurate times.
  • Supply counts are checked every 10 seconds.